 Dungeon Crawl Stone Soup version 0.14-a0-2061-g6c6fb9c (webtiles) character file.

257503 Mitsuki the Minotaur Blade (level 19, -16/177 (180) HPs)
             Began as a Minotaur Fighter on Jan 20, 2014.
             Was the Champion of Okawaru.
             Killed from afar by a Shadow Fiend (45 damage)
             ... with a bolt of negative energy
             ... summoned by a lich
             ... on Level 2 of the Vaults on Jan 22, 2014.
             The game lasted 07:55:39 (56482 turns).

Mitsuki the Minotaur Blade (Minotaur Fighter)      Turns: 56482, Time: 07:55:40

HP -16/177 (180) AC 47     Str 27      XL: 19   Next: 39%
MP  22/24        EV  6     Int  8      God: Okawaru [******]
Gold 3398        SH 36     Dex 14      Spells:  0 memorised, 18 levels left

rFire  . . .     SeeInvis +     a - +4 bastard sword (slice)
rCold  + . .     Clarity  +     c - +6 crystal plate armour
rNeg   . . .     Conserve +     F - +3 shield {AC+3}
rPois  .         rCorr    +     l - +2 hat {SInv}
rElec  .         rRot     .     V - +2 cloak {rCorr, Cons}
SustAb . .       Spirit   .     z - +0 pair of gloves {Dex+3}
rMut   +         Warding  .     g - +1 pair of boots {rC+}
Saprov . . .     Stasis   .     u - amulet of resist mutation
MR     +++..                    O - ring of protection from magic
                                J - ring of protection from magic

@: heroism, drained, extremely resistant to hostile enchantments, extremely
unstealthy
A: retaliatory headbutt, horns 2, blurry vision 1, clarity, clever 1, low mp 1
a: Heroism, Finesse, Renounce Religion
}: 1/15 runes: gossamer


You were on level 2 of the Vaults.
You worshipped Okawaru.
Okawaru was exalted by your worship.
You were not hungry.

You visited 10 branches of the dungeon, and saw 44 of its levels.
You visited 1 bazaar.
You also visited: Bailey and Ice Cave.

You collected 4763 gold pieces.
You spent 1365 gold pieces at shops.

Inventory:

Hand weapons
 a - a +4,+4 bastard sword of slicing (weapon)
 b - a +4,+1 scimitar of flaming
Armour
 c - a +6 crystal plate armour (worn)
 g - a +1 pair of boots of cold resistance (worn)
 l - a +2 hat of see invisible (worn)
 z - a +0 pair of gloves of dexterity (worn)
 F - a +3 shield of protection (worn)
 M - a +1 dwarven cloak of darkness
 V - a +2 cloak of preservation (worn)
Magical devices
 j - a wand of digging (7)
 B - a wand of paralysis (17)
 E - a wand of disintegration (9)
 W - a wand of teleportation (3)
Comestibles
 d - 15 meat rations
Scrolls
 f - 8 scrolls of fog
 n - 10 scrolls of remove curse
 w - 12 scrolls of teleportation
 y - 5 scrolls of fear
 U - 3 scrolls of identify
Jewellery
 k - an uncursed amulet of warding
 m - an uncursed ring of flight
 u - an amulet of resist mutation (around neck)
 I - an uncursed amulet of stasis
 J - a ring of protection from magic (left hand)
 O - a ring of protection from magic (right hand)
 S - an uncursed ring of poison resistance
Potions
 o - 3 potions of lignification
 p - 3 potions of resistance
 q - a potion of agility
 r - 2 potions of might
 C - a potion of brilliance
 G - a potion of cure mutation
 K - a potion of heal wounds
 Q - 3 potions of curing
 R - a potion of flight
 X - 2 potions of restore abilities
Miscellaneous
 x - a lamp of fire
 H - a fan of gales
 P - a phial of floods


   Skills:
 * Level 18.5(22.3) Fighting
 + Level 24.6(25.7) Long Blades
 * Level 17.3(21.1) Armour
 - Level 15.4(19.3) Shields
 - Level 5.0(4.2) Invocations
 - Level 10.0(9.1) Evocations


You had 18 spell levels left.
You didn't know any spells.

Dungeon Overview and Level Annotations

Branches:
Dungeon (16/16)            Temple (1/1) D:6             Orc (4/4) D:12
    Elf (3/3) Orc:3          Lair (8/8) D:9          Shoals (1/5) Lair:3
 Spider (5/5) Lair:3        Slime (3/6) Lair:6       Vaults (2/5) D:15
 Depths (1/6) D:16
  Crypt: Vaults:2-3  Forest: Vaults:2-3

Altars:
Ashenzari
Cheibriados
Dithmengos
Elyvilon
Fedhas
Kikubaaqudgha
Makhleb
Nemelex Xobeh
Okawaru
Sif Muna
Trog
Vehumet
Yredelemnul
Zin
the Shining One
Beogh

Shops:
D:11 (   D:12 **/?   Orc:4 }%}(=}=[[   Vaults:1 [


Innate Abilities, Weirdness & Mutations

You reflexively headbutt those who attack you in melee.
You have a pair of horns on your head.
Your vision is a little blurry.
You possess an exceptional clarity of mind.
Your mind is acute. (Int +2)
Your magical capacity is low (-10% MP).


Message History

* * * LOW HITPOINT WARNING * * *
You hit the fire dragon but do no damage.
You headbutt the fire dragon, but do no damage.
The fire dragon is almost dead.
The fire dragon bites you but does no damage.
The fire dragon claws you but does no damage.
You block the fire dragon's attack.
Your crystal plate armour prevents you from hitting the fire dragon.
You headbutt the fire dragon.
You kill the fire dragon!
Okawaru accepts your kill. The Executioner hits you.
* * * LOW HITPOINT WARNING * * *
You block the Executioner's attack.
The Executioner hits you but does no damage.
The Shadow Fiend gestures at you.
The bolt of negative energy hits the Executioner.
The Executioner completely resists.
The bolt of negative energy hits you!
You feel drained.
You die...

######### #
#[.[....# L?#
#.......##%(.#
#.......# #...# #
#.......# #@D. .#
#...<[..#####G. #.#
+...[[..#..###.#L.#
+.......'...###1..#
#.......#....@1...#
#....[(.###########
#######(###
#......%.#
#....)...#
#........#
#........###########
#........##........#
#........##........#


You could see a Shadow Fiend, a lich and an Executioner.

Vanquished Creatures
  Arachne (Spider:5)
  An Ice Fiend (Elf:3)
  2 deep elf blademasters (Elf:3)
  3 deep elf master archers (Elf:3)
  3 acid blobs
  Rupert (Elf:1)
  Agnes (Spider:3)
  Frances (Spider:5)
  Wiglaf (Spider:3)
  12 deep elf sorcerers
  3 ghost moths (Spider:5)
  2 vault wardens
  An orc warlord (Orc:4)
  Gastronok (Lair:2)
  3 emperor scorpions (Spider:5)
  A stone giant (Vaults:1)
  7 deep elf demonologists (Elf:3)
  3 blizzard demons
  11 deep elf annihilators (Elf:3)
  Azrael (Spider:1)
  7 vault guards (D:15)
  A death ooze (Slime:3)
  A minotaur (shapeshifter) (D:16)
  3 deep elf death magi
  A great orb of eyes (Vaults:2)
  3 deep elf high priests (Elf:3)
  2 yaktaur captains
  2 fire dragons
  2 ironheart preservers
  Fannar (Spider:1)
  Harold (D:13)
  A ravenous item mimic (IceCv)
  2 ravenous feature mimics
  3 hydras
  Erica (Spider:1)
  An alligator (shapeshifter) (Elf:3)
  A spectral elf (Elf:3)
  4 ogre magi
  A very ugly thing (D:16)
  2 rakshasas (D:16)
  5 orc high priests
  7 centaur warriors
  8 deep elf knights
  3 skeletal warriors (D:16)
  6 ice devils (IceCv)
  A flayed ghost (Vaults:2)
  2 sea snakes (Shoals:1)
  6 unseen horrors
  A death drake (shapeshifter) (D:16)
  3 oklob plants (Lair:6)
  A lindwurm (Lair:7)
  2 ice statues (IceCv)
  4 hill giants
  10 harpies
  2 giant amoebae
  Joseph (D:7)
  5 cyclopes
  An ironbrand convoker (Vaults:2)
  12 deep elf conjurers
  4 orc sorcerers (Orc:4)
  17 orc knights
  3 red wasps
  2 griffons
  A moth of wrath (Spider:5)
  34 wolf spiders
  11 elephants
  A shining eye (Slime:2)
  14 deep elf summoners
  2 spiny worms
  3 black mambas
  2 spriggan druids (Lair:8)
  Psyche (D:8)
  16 demonic crawlers
  3 yaktaurs
  2 item mimics
  A red devil (Elf:3)
  25 orb spiders
  12 giant fireflies (Lair:8)
  15 trolls
  6 komodo dragons
  8 blue devils
  10 spiny frogs
  A hellwing (Elf:3)
  11 spriggans (Lair:8)
  9 deep elf priests
  Sonja (D:12)
  A komodo dragon (shapeshifter) (Elf:1)
  2 queen bees
  A harpy skeleton (D:16)
  A troll (shapeshifter) (D:16)
  30 jumping spiders
  25 slime creatures
  9 two-headed ogres
  A stone giant simulacrum (Vaults:1)
  A snapping turtle (Shoals:1)
  7 boulder beetles
  10 sharks
  A wandering mushroom (D:9)
  12 blink frogs
  2 griffon zombies
  2 brown oozes
  A shadow (D:12)
  A basilisk (D:16)
  A grizzly bear (shapeshifter) (Elf:2)
  A redback (shapeshifter) (Vaults:1)
  28 tarantellas
  69 redbacks
  40 yaks
  20 ugly things
  4 grizzly bears (Lair:8)
  8 formicids
  28 trapdoor spiders
  27 deep elf fighters
  2 wraiths
  3 merfolk
  A hill giant zombie (D:14)
  19 deep elf magi
  7 orc zombies (Orc:4)
  2 hungry ghosts
  2 wyverns
  9 hippogriffs
  3 fire elementals (Spider:1)
  4 vampire mosquitoes (Vaults:1)
  A manticore (shapeshifter) (Vaults:2)
  33 wolves
  2 soldier ants
  Menkaure (D:4)
  A deep troll zombie (D:16)
  2 manticores
  A necrophage (D:11)
  4 hell hounds
  A mottled dragon (Vaults:2)
  A deep troll skeleton (D:15)
  3 freezing wraiths (Vaults:1)
  8 ice beasts
  11 porcupines
  5 giant goldfish
  56 orc warriors
  7 yellow wasps
  3 black bears (Lair:8)
  7 sky beasts
  19 ogres
  2 phantoms
  23 centaurs
  12 crocodiles
  6 wargs
  A crocodile (shapeshifter) (D:16)
  3 boring beetles
  A rotting devil (Elf:3)
  6 giant slugs
  A cyclops zombie (D:11)
  4 big kobolds
  2 brain worms (D:14)
  A giant slug zombie (D:16)
  13 water moccasins
  7 agate snails
  15 giant frogs
  A manticore skeleton (D:6)
  An eye of draining (D:12)
  56 killer bees
  A troll zombie (D:12)
  7 jellyfish
  2 yak skeletons (Orc:4)
  7 electric eels
  34 spiders
  5 wights (D:6)
  2 goliath beetles
  7 crimson imps
  A centaur zombie (D:7)
  3 centaur skeletons
  8 big fish
  39 orc wizards
  Crazy Yiuf (D:7)
  37 orc priests
  7 hounds
  A giant frog skeleton (D:11)
  5 iguanas
  14 scorpions
  5 worker ants
  4 sheep (D:11)
  6 orange rats
  A crocodile zombie (D:9)
  Ijyb (D:2)
  Jessica (D:8)
  4 boggarts (D:16)
  An ogre skeleton (D:4)
  Terence (D:2)
  A mummy (D:14)
  13 adders
  3 giant centipedes
  34 green rats
  5 giant mites
  7 white imps (IceCv)
  10 worms
  5 ufetubi (IceCv)
  2 adder zombies (D:9)
  4 grey rats (D:7)
  A giant eyeball (Slime:3)
  5 giant geckos
  233 orcs
  6 giant cockroaches
  29 hobgoblins
  23 jackals
  31 kobolds
  8 quokkas
  4 training dummies (Orc:4)
  19 bats
  6 giant newts
  A giant spore (D:8)
  24 goblins
  2 hobgoblin skeletons
  A hobgoblin zombie (D:6)
  A kobold zombie (D:6)
  2 orc skeletons
  24 rats
  6 rat skeletons (Orc:4)
  16 ballistomycetes (D:12)
  5 fungi
  3 plants
1839 creatures vanquished.

Vanquished Creatures (collateral kills)
  A deep elf master archer (Elf:3)
  An orb spider (Spider:2)
  A trapdoor spider (Spider:3)
  4 killer bees (D:8)
  2 jellies (D:8)
  A big fish (Spider:2)
  An orc (D:8)
  A rat zombie (D:8)
  A ballistomycete (D:8)
13 creatures vanquished.

Vanquished Creatures (others)
  A harpy (shapeshifter) (Elf:3)
  A wolf spider (Spider:4)
  An orc sorcerer (Elf:3)
  A demonic crawler (Spider:2)
  A water elemental (Elf:3)
  A redback (Spider:2)
  A deep elf fighter (Elf:2)
  A killer bee (Spider:2)
  2 spiders (D:8)
  4 white imps (IceCv)
  An ufetubus (IceCv)
  2 orcs
  3 giant spores (D:12)
  5 rat skeletons (Orc:4)
  A fungus (Lair:4)
  A plant (Lair:1)
27 creatures vanquished.

Grand Total: 1879 creatures vanquished

Notes
Turn   | Place    | Note
--------------------------------------------------------------
     0 | D:1      | Mitsuki, the Minotaur Fighter, began the quest for the Orb.
     0 | D:1      | Reached XP level 1. HP: 19/19 MP: 1/1
   248 | D:1      | Reached XP level 2. HP: 27/27 MP: 1/1
   256 | D:1      | Reached skill level 4 in Armour
   655 | D:2      | Reached XP level 3. HP: 20/33 MP: 2/2
   818 | D:2      | Noticed Terence
   830 | D:2      | Killed Terence
   947 | D:2      | Noticed Ijyb
   961 | D:2      | Killed Ijyb
   961 | D:2      | Reached XP level 4. HP: 19/40 MP: 2/2
  1626 | D:2      | Found a burning altar of Makhleb.
  1832 | D:3      | Reached XP level 5. HP: 45/47 MP: 2/2
  1907 | D:3      | Reached skill level 5 in Armour
  2391 | D:4      | Found a radiant altar of Vehumet.
  2400 | D:4      | Reached skill level 5 in Long Blades
  2525 | D:4      | Noticed an ogre
  2530 | D:4      | Killed an ogre
  2530 | D:4      | Reached XP level 6. HP: 53/53 MP: 3/3
  2637 | D:4      | Noticed Menkaure
  2648 | D:4      | Killed Menkaure
  2648 | D:4      | Reached skill level 6 in Long Blades
  2648 | D:4      | Reached skill level 5 in Shields
  2863 | D:4      | Got a steaming leather armour
  2878 | D:4      | Identified the +3 leather armour of Agoraphobia {rF+} (You found it on level 4 of the Dungeon)
  2896 | D:4      | Noticed a moth of wrath
  2900 | D:4      | Found a bloodstained altar of Trog.
  3043 | D:5      | Entered Level 5 of the Dungeon
  3046 | D:5      | Reached XP level 7. HP: 60/60 MP: 3/3
  3160 | D:5      | Got a faintly glowing copper ring
  3161 | D:5      | Identified the ring of Xom's Capriciousness {+/*Tele Dex-4 Int+3} (You found it on level 5 of the Dungeon)
  3271 | D:5      | Reached skill level 5 in Fighting
  3417 | D:5      | Found a sparkling altar of Nemelex Xobeh.
  3770 | D:6      | Reached skill level 7 in Long Blades
  3999 | D:6      | Reached XP level 8. HP: 58/70 MP: 3/3
  4138 | D:6      | Gained mutation: You possess an exceptional clarity of mind. [mutagenic meat]
  4139 | D:6      | Lost mutation: You possess an exceptional clarity of mind. [mutagenic meat]
  4140 | D:6      | Gained mutation: You tend to lose your temper in combat. [mutagenic meat]
  4301 | D:6      | Found a staircase to the Ecumenical Temple.
  4319 | Temple   | Entered the Ecumenical Temple
  4359 | Temple   | Became a worshipper of Warmaster Okawaru
  4436 | D:6      | Reached skill level 8 in Long Blades
  4676 | D:6      | Found a shadowy altar of Dithmengos.
  5234 | D:7      | Reached skill level 9 in Long Blades
  5236 | D:7      | Acquired Okawaru's first power
  5456 | D:7      | Noticed Crazy Yiuf
  5460 | D:7      | Killed Crazy Yiuf
  5465 | D:7      | Identified a +2 cloak of preservation (You took it off Crazy Yiuf on level 7 of the Dungeon)
  5519 | D:7      | Noticed Joseph
  5536 | D:7      | Killed Joseph
  5536 | D:7      | Reached XP level 9. HP: 59/78 MP: 4/4
  5549 | D:7      | Found a flagged portal.
  5560 | Bailey   | Entered a bailey
  5561 | Bailey   | Noticed an orc knight
  5561 | Bailey   | Noticed an orc knight
  5661 | Bailey   | Reached skill level 10 in Long Blades
  5676 | Bailey   | Killed an orc knight
  5676 | Bailey   | Reached skill level 1 in Evocations
  5682 | Bailey   | Killed an orc knight
  5682 | Bailey   | Reached skill level 11 in Long Blades
  5776 | Bailey   | Reached XP level 10. HP: 43/86 MP: 5/5
  5990 | Bailey   | Got a fine whip {freeze}
  6005 | Bailey   | Identified the +1,+8 whip of Propriety {freeze, rF+ MR++ SInv} (You took it off an orc warrior in a bailey)
  6424 | D:8      | Noticed Psyche
  6438 | D:8      | Killed Psyche
  6492 | D:8      | Reached skill level 12 in Long Blades
  6500 | D:8      | Found a snail-covered altar of Cheibriados.
  6628 | D:8      | Noticed Jessica
  6638 | D:8      | Found a deep blue altar of Sif Muna.
  6642 | D:8      | Killed Jessica
  6951 | D:8      | Found a basalt altar of Yredelemnul.
  7173 | D:9      | Acquired Okawaru's second power
  7517 | D:9      | Found a staircase to the Lair.
  7527 | D:9      | Reached skill level 13 in Long Blades
  7581 | D:9      | Lost mutation: You tend to lose your temper in combat. [potion of cure mutation]
  7582 | D:9      | Gained mutation: Armour fits poorly on your strangely shaped body. [potion of mutation]
  7582 | D:9      | Gained mutation: Your body is slowly deteriorating. [potion of mutation]
  7582 | D:9      | Gained mutation: You have large cloven feet. [potion of mutation]
  7683 | D:9      | Reached skill level 10 in Shields
  7713 | D:9      | Received a gift from Okawaru
  7946 | Lair:1   | Entered Level 1 of the Lair of Beasts
  7976 | D:10     | Entered Level 10 of the Dungeon
  8195 | D:10     | Reached XP level 11. HP: 95/95 MP: 6/6
  8945 | D:11     | Reached skill level 14 in Long Blades
  9240 | D:11     | Found Shompycs' Weapon Emporium.
  9309 | D:11     | Noticed a five-headed hydra
  9534 | D:11     | Killed a five-headed hydra
  9534 | D:11     | Reached skill level 10 in Armour
  9903 | D:11     | Noticed an unseen horror
  9931 | D:11     | Killed an unseen horror
  9973 | D:11     | Got a distressingly furry ring mail
  9991 | D:11     | Identified the +2 ring mail of Royalty {+Blink rC+ Acc-3} (You found it on level 11 of the Dungeon)
 10430 | D:12     | Found Xeffihuf's General Store.
 10456 | D:12     | Noticed Sonja
 10813 | D:12     | Got a crude robe
 10828 | D:12     | Identified the cursed -2 robe "Roby" {+Fly Acc+2} (You found it on level 12 of the Dungeon)
 10915 | D:12     | Found Lear's Magical Wand Emporium.
 10928 | D:12     | Found Hejot's General Store.
 11020 | D:12     | Found a roughly hewn altar of Beogh.
 11193 | D:12     | Killed Sonja
 11195 | D:12     | Received a gift from Okawaru
 11261 | D:12     | Found a staircase to the Orcish Mines.
 11409 | D:12     | Found a gateway to a bazaar.
 11416 | Bazaar   | Entered a bazaar
 11430 | Bazaar   | Found Taudibui's Food Shoppe.
 11456 | Bazaar   | Found Pninaf's Gadget Emporium.
 11456 | Bazaar   | Found Mniorgholu's Assorted Antiques.
 11493 | Bazaar   | Found Dimacao's General Store.
 11493 | Bazaar   | Found Eshar's Magical Wand Shoppe.
 11502 | Bazaar   | Eshar's Magical Wand Shoppe was a mimic.
 11510 | Bazaar   | Killed a ravenous shop mimic
 11510 | Bazaar   | Reached skill level 15 in Long Blades
 11649 | Bazaar   | Bought a scroll labeled CUBOUPNERGH for 22 gold pieces
 11649 | Bazaar   | Bought a scroll labeled NAM ETHONUONYTS for 22 gold pieces
 11771 | D:12     | Reached XP level 12. HP: 98/105 MP: 7/7
 11817 | D:12     | Found Chion's Magic Scroll Shoppe.
 12304 | D:13     | Noticed Harold
 12320 | D:13     | Killed Harold
 12862 | D:13     | Reached skill level 16 in Long Blades
 13265 | D:14     | Reached skill level 10 in Fighting
 13675 | D:14     | Lost intelligence.
 13778 | D:14     | Received a gift from Okawaru
 13818 | D:15     | Entered Level 15 of the Dungeon
 13930 | D:15     | Noticed an ogre mage
 13972 | D:14     | Reached skill level 17 in Long Blades
 14880 | Lair:1   | Received a gift from Okawaru
 15290 | Lair:1   | Reached XP level 13. HP: 114/114 MP: 7/7
 15493 | Lair:2   | Noticed Gastronok
 15516 | Lair:2   | Killed Gastronok
 16118 | Lair:2   | Received a gift from Okawaru
 16390 | Lair:3   | Found a hole to the Spider Nest.
 16650 | Lair:3   | Found a staircase to the Shoals.
 16855 | Lair:3   | Reached skill level 18 in Long Blades
 17568 | Lair:4   | Found a deep blue altar of Sif Muna.
 19643 | Lair:6   | Found a staircase to the Slime Pits.
 19804 | Lair:6   | Reached skill level 19 in Long Blades
 20010 | Lair:7   | Received a gift from Okawaru
 20140 | Lair:7   | Got a pair of slimy boots
 20149 | Lair:7   | Identified the cursed +2 pair of boots of Refuge {Int+1} (You found it on level 7 of the Lair of Beasts)
 20357 | Lair:8   | Entered Level 8 of the Lair of Beasts
 20370 | Lair:8   | Reached XP level 14. HP: 112/124 MP: 7/7
 21240 | Lair:8   | Got a transparent leather armour
 21256 | Lair:8   | Identified the +3 leather armour of the Shining Light {Int-2} (You found it on level 8 of the Lair of Beasts)
 21284 | Lair:8   | Reached skill level 20 in Long Blades
 21342 | Lair:8   | Received a gift from Okawaru
 21343 | Lair:8   | Got a warped cloak {god gift}
 21367 | Lair:8   | Identified the +1 cloak "Crabruro" {rC+ Stlth+} (Okawaru gifted it to you on level 8 of the Lair of Beasts)
 21763 | Lair:8   | Found a deep blue altar of Sif Muna.
 22420 | D:7      | Got an ichor-stained hammer
 22421 | D:7      | Identified the cursed +3,+1 hammer of Contradiction {pain, rC++} (You took it off an orc priest on level 7 of the Dungeon)
 22587 | Spider:1 | Entered Level 1 of the Spider Nest
 22967 | Spider:1 | Noticed Azrael
 22973 | Spider:1 | Reached skill level 15 in Shields
 23162 | Spider:1 | Killed Azrael
 23593 | Spider:1 | Noticed Erica
 23600 | Spider:1 | Killed Erica
 23807 | Spider:1 | Noticed Fannar
 24160 | Spider:1 | Killed Fannar
 24605 | Spider:1 | Got a pair of jewelled boots
 24609 | Spider:1 | Identified the +0 pair of boots of Ipru {rC+} (You found it on level 1 of the Spider Nest)
 24886 | Spider:2 | Reached XP level 15. HP: 103/132 MP: 8/8
 25123 | Spider:2 | Received a gift from Okawaru
 26224 | Spider:2 | Reached skill level 21 in Long Blades
 26256 | Spider:2 | Got an iridescent cutlass
 26258 | Spider:2 | Identified the cursed -1,+8 cutlass "Xeqasyu Terch" {speed, +Fly MR++} (You found it on level 2 of the Spider Nest)
 27524 | Spider:3 | Noticed Agnes
 27539 | Spider:3 | Killed Agnes
 27762 | Spider:3 | Received a gift from Okawaru
 28590 | Spider:4 | Noticed Wiglaf
 28604 | Spider:3 | HP: 6/134 [Wiglaf/dwarven vampiric battleaxe (28)]
 28616 | Spider:3 | Killed Wiglaf
 28960 | Spider:3 | Lost mutation: You have large cloven feet. [potion of cure mutation]
 28960 | Spider:3 | Lost mutation: Armour fits poorly on your strangely shaped body. [potion of cure mutation]
 28960 | Spider:3 | Lost mutation: Your body is slowly deteriorating. [potion of cure mutation]
 29956 | Spider:4 | Reached skill level 1 in Invocations
 29969 | Spider:4 | Received a gift from Okawaru
 31011 | Spider:5 | Entered Level 5 of the Spider Nest
 31024 | Spider:5 | Noticed Frances
 31053 | Spider:5 | Reached skill level 5 in Invocations
 31600 | Lair:1   | Upgraded the game from 0.14-a0-2052-gb76ddfe to 0.14-a0-2061-g6c6fb9c
 31750 | Orc:1    | Entered Level 1 of the Orcish Mines
 31998 | Orc:1    | Reached XP level 16. HP: 131/144 MP: 18/18
 32790 | Orc:4    | Entered Level 4 of the Orcish Mines
 32790 | Orc:4    | Found Wabreari's Gadget Emporium.
 33227 | Orc:3    | Found a staircase to the Elven Halls.
 33467 | Orc:4    | Found Ybot's Food Shoppe.
 33893 | Orc:4    | Found Usiwkai's Antique Weapon Boutique.
 33929 | Orc:4    | Found a roughly hewn altar of Beogh.
 34601 | Orc:4    | Received a gift from Okawaru
 34607 | Orc:4    | Reached skill level 22 in Long Blades
 35053 | Orc:4    | Found Veatyv's Antique Armour Shop.
 35055 | Orc:4    | Found Maroz's Jewellery Emporium.
 35056 | Orc:4    | Found Gaizxaim's Jewellery Shop.
 35056 | Orc:4    | Found Ydir's Gadget Emporium.
 35234 | Orc:4    | Found Viaxoeli's Antique Armour Emporium.
 35459 | Orc:4    | Found Figeciod's Gadget Shop.
 35908 | Orc:4    | Bought a crystal plate armour for 1250 gold pieces
 36181 | D:12     | Bought a scroll of enchant armour for 71 gold pieces
 36547 | D:15     | Killed an ogre mage
 37015 | D:15     | Noticed a vault guard
 37249 | D:15     | Noticed a vault guard
 37431 | D:16     | Entered Level 16 of the Dungeon
 38587 | D:16     | Gained mutation: Your magical capacity is low (-10% MP). [a shining eye]
 38768 | D:16     | Gained mutation: Your mind is acute. (Int +2) [potion of beneficial mutation]
 39336 | Spider:5 | Reached skill level 15 in Armour
 39347 | Spider:5 | Received a gift from Okawaru
 39350 | Spider:5 | Got an ichor-stained plate armour {god gift}
 39377 | Spider:5 | Identified the +7 plate armour of Saeka {Int+2} (Okawaru gifted it to you on level 5 of the Spider Nest)
 39642 | Spider:5 | Noticed Arachne
 39687 | Spider:5 | Killed Arachne
 39687 | Spider:5 | Reached skill level 15 in Fighting
 40005 | Spider:5 | Reached XP level 17. HP: 94/154 MP: 2/17
 40485 | Spider:5 | Got a gossamer rune of Zot
 40547 | Spider:5 | Reached skill level 23 in Long Blades
 40773 | Spider:5 | Killed Frances
 41395 | Shoals:1 | Entered Level 1 of the Shoals
 41805 | Shoals:1 | Received a gift from Okawaru
 41806 | Shoals:1 | Got an ancient chain mail {god gift}
 41831 | Shoals:1 | Identified the +0 chain mail "Jaaskizea" {Str-2} (Okawaru gifted it to you on level 1 of the Shoals)
 42747 | Elf:1    | Entered Level 1 of the Elven Halls
 43123 | Elf:1    | Found a radiant altar of Vehumet.
 43201 | Elf:1    | Found a frozen archway.
 43211 | IceCv    | Entered an ice cave
 44110 | IceCv    | Reached skill level 5 in Evocations
 45214 | Elf:2    | Noticed Rupert
 45232 | Elf:1    | Killed Rupert
 45628 | Elf:3    | Entered Level 3 of the Elven Halls
 47446 | Elf:3    | Reached skill level 10 in Evocations
 47446 | Elf:3    | Reached XP level 18. HP: 154/163 MP: 22/24
 47636 | Elf:3    | Received a gift from Okawaru
 47637 | Elf:3    | Got a brightly glowing ring mail {god gift}
 47835 | Elf:3    | Identified the +4 ring mail of Claph {rElec Dam+6} (Okawaru gifted it to you on level 3 of the Elven Halls)
 48956 | Elf:3    | HP: 8/165 [poisoned by a deep elf annihilator (poison arrow)]
 51677 | D:11     | Reached skill level 24 in Long Blades
 51843 | D:16     | Found a staircase to the Depths.
 51855 | Depths:1 | Entered Level 1 of the Depths
 51983 | D:15     | Noticed a vault guard
 51983 | D:15     | Noticed a vault guard
 52010 | D:15     | Killed a vault guard
 52050 | D:15     | Killed a vault guard
 52216 | D:15     | Noticed an ogre mage
 52224 | D:15     | Killed an ogre mage
 52426 | D:15     | Killed a vault guard
 52450 | D:15     | Killed a vault guard
 52468 | D:15     | Found a gate to the Vaults.
 52468 | D:15     | Noticed a vault guard
 52468 | D:15     | Noticed a vault guard
 52469 | D:15     | Noticed a vault guard
 52482 | D:15     | Killed a vault guard
 52484 | D:15     | Killed a vault guard
 52490 | D:15     | Killed a vault guard
 52494 | D:15     | Received a gift from Okawaru
 52498 | Vaults:1 | Entered Level 1 of the Vaults
 52509 | Vaults:1 | Found Utataara's Armour Boutique.
 53336 | Vaults:1 | Reached XP level 19. HP: 168/175 MP: 24/24
 53898 | Vaults:1 | Received a gift from Okawaru
 54905 | Vaults:2 | Gained mutation: Your vision is a little blurry. [mutagenic meat]
 54906 | Vaults:2 | Gained mutation: You possess an exceptional clarity of mind. [mutagenic meat]
 55906 | Slime:1  | Entered Level 1 of the Pits of Slime
 56482 | Vaults:2 | Killed from afar by a Shadow Fiend

Action                   |  1- 3 |  4- 6 |  7- 9 | 10-12 | 13-15 | 16-18 | 19-21 || total
-------------------------+-------+-------+-------+-------+-------+-------+-------++-------
Melee: Falchion          |   128 |   189 |       |       |       |       |       ||   317
       Long sword        |       |     7 |   279 |   982 |       |       |       ||  1268
       Unarmed           |       |       |     1 |       |       |       |       ||     1
       Halberd           |       |       |     9 |     5 |       |       |       ||    14
       Whip              |       |       |       |    13 |       |       |       ||    13
       Morningstar       |       |       |       |     7 |       |       |       ||     7
       Bastard sword     |       |       |       |    12 |  1679 |  1915 |   303 ||  3909
       Hammer            |       |       |       |       |    23 |       |       ||    23
       Scimitar          |       |       |       |       |       |   187 |    10 ||   197
Invok: Heroism           |       |       |     2 |     4 |     5 |     8 |     1 ||    20
 Abil: Evoke Flight      |       |       |       |       |       |     1 |       ||     1
       Evoke Invisibilit |       |       |       |       |       |     1 |       ||     1
Evoke: Wand              |       |       |    23 |    15 |    31 |     6 |       ||    75
       Sack of spiders   |       |       |       |     2 |       |       |       ||     2
       Phial of floods   |       |       |       |     1 |     1 |     2 |       ||     4
       Lamp of fire      |       |       |       |       |       |     2 |       ||     2
  Use: Scroll            |     1 |     2 |     5 |    27 |    17 |    18 |     3 ||    73
       Potion            |       |       |       |    15 |    15 |    22 |     1 ||    53
 Stab: Invisible         |       |       |       |     1 |       |       |       ||     1
       Paralysed         |       |       |       |       |     3 |       |       ||     3
